 Dungeon Crawl Stone Soup version 0.29-a0-789-g7a8fcbc185 (webtiles) character file.

Game seed: 17395661066433083198

615 purpskrrrp the Sneak (level 7, 0/35 HPs)
             Began as a Vine Stalker Wanderer on July 2, 2022.
             Was an Initiate of Gozag.
             Killed from afar by an electric eel (7 damage)
             ... with a bolt of electricity
             ... on level 5 of the Dungeon on July 3, 2022.
             The game lasted 00:21:04 (4684 turns).

purpskrrrp the Sneak (Vine Stalker Wanderer)        Turns: 4684, Time: 00:21:04

Health: 0/35       AC: 16    Str: 12    XL:     7   Next: 45%
Magic:  0/9        EV: 11    Int: 10    God:    Gozag
Gold:   461        SH:  0    Dex: 20    Spells: 7/8 levels left

rFire   . . .      SeeInvis .   a - +3 short sword (protect)
rCold   + + .      Faith    .   (no shield)
rNeg    . . .      Spirit   +   d - +0 leather armour
rPois   .          Reflect  .   p - +2 helmet
rElec   .          Harm     .   b - +1 cloak
rCorr   .          Rampage  .   (no gloves)
Will    .....                   c - +0 pair of boots
Stlth   ++++......              (no amulet)
HPRegen 0.91/turn               l - ring of protection from cold
MPRegen 0.11/turn               f - ring of protection from cold

@: under a protective aura
A: fangs 2, regeneration 1, magic shield, antimagic bite, no potion heal 2, wild
magic 1
a: Renounce Religion, Potion Petition, Call Merchant, Bribe Branch


You were on level 5 of the Dungeon.
You worshipped Gozag.
Gozag was aware of your devotion.
You visited 1 branch of the dungeon, and saw 5 of its levels.

You collected 500 gold pieces.
You paid 39 gold pieces to Gozag.

Inventory:

Hand Weapons
 a - a +3 short sword of protection (weapon)
 A - a +3 spectral club
Armour
 b - a +1 cloak (worn)
 c - a +0 pair of boots (worn)
 d - a +0 leather armour (worn)
 p - a +2 helmet (worn)
 B - a +1 ring mail of fire resistance
Jewellery
 f - a ring of protection from cold (right hand)
 l - a ring of protection from cold (left hand)
Wands
 y - a wand of flame (65) (quivered)
Scrolls
 i - 3 scrolls of identify
 n - 4 scrolls of teleportation
 r - 3 scrolls of noise
 s - a scroll of blinking {unknown}
 x - a scroll of fear
Potions
 e - a potion of resistance {unknown}
 g - a potion of cancellation
 h - 2 potions of ambrosia
 j - 2 potions of might {unknown}
 k - 4 potions of heal wounds {unknown}
 m - 2 potions of brilliance {unknown}
 o - a potion of attraction {unknown}
 q - a potion of magic {unknown}
 u - 2 potions of curing {unknown}
 v - 2 potions of invisibility {unknown}


   Skills:
 + Level 2.0 Fighting
 + Level 6.2 Short Blades
 * Level 0.2 Maces & Flails
 + Level 1.0 Throwing
 + Level 1.2 Dodging
 * Level 7.3 Stealth
 - Level 1.1 Spellcasting
 - Level 1.0 Ice Magic


You had 7 spell levels left.
You knew the following spells:

 Your Spells              Type           Power      Damage    Failure   Level
a - Freeze                Ice            12%        1d4       36%         1

Your spell library contained the following spells:

 Spells                   Type           Power      Damage    Failure   Level
 Ozocubu's Armour         Ice            3%         N/A       73%         3
 Gell's Gravitas          Tloc           0%         N/A       85%         3
 Lesser Beckoning         Tloc           0%         N/A       85%         3
 Teleport Other           Tloc           0%         N/A       85%         3


Dungeon Overview and Level Annotations

Branches:
Dungeon (5/15)
 Temple: D:4-7

Altars:
Gozag
Kikubaaqudgha
Nemelex Xobeh

Annotations:
D:5 1 transporter


Innate Abilities, Weirdness & Mutations

You have extremely sharp teeth.
Your natural rate of healing is unusually fast.
When hurt, damage is shared between your health and your magic reserves.
Your bite disrupts and absorbs the magic of your enemies.
Potions cannot restore your health.
Your spells are a little harder to cast, but a little more powerful.


Message History

Partly explored, unvisited transporter.
There is an open door here.
There is a transporter here.
You enter the transporter and appear at another place.
y - a wand of flame (65) (gained 21 charges)
You open the door.
The electric eel shoots out a bolt of lightning at you!
The bolt of electricity misses you. x2; The bolt of electricity hits the plant!
The plant begins to die.
The electric eel shoots out a bolt of lightning at you!
The bolt of electricity hits you! x2; The bolt of electricity hits the plant!
The plant begins to die.
There is an open door here.
The electric eel shoots out a bolt of lightning at you!
The bolt of electricity misses you.
The bolt of electricity hits the electric eel.
The electric eel completely resists.
The bolt of electricity hits the electric eel.
The electric eel completely resists.
The bolt of electricity hits you.
You barely miss the electric eel. Your bite misses the electric eel.
You hit the electric eel.
Your weapon exudes an aura of protection.
The electric eel is moderately wounded.
The electric eel shoots out a bolt of lightning at you!
The bolt of electricity hits you!
* * * LOW HITPOINT WARNING * * *
The bolt of electricity hits the electric eel.
The electric eel completely resists.
The bolt of electricity hits the electric eel.
The electric eel completely resists.
You closely miss the electric eel. You punch the electric eel.
Your bite misses the electric eel.
The electric eel is moderately wounded.
A nearby plant withers and dies.
You puncture the electric eel!
The electric eel is almost dead.
The electric eel shoots out a bolt of lightning at you!
The bolt of electricity hits you!
You die...
Your body crumbles into a pile of gold.

#.....# #.....# #. #.....#
#.....# #. ####.## #.....# #.
#.....#######################.
#..[..'...................))..
#.....##.................####.
#.....##.###############.# #.
#.....##.#8P#S≈≈≈≈≈≈#P8#.## #.
#........#..#@.≈≈P≈≈#..#..###.
#.......©#©.'..≈⌠P≈P+$©#©.(##.
#.....#..#..#..≈≈≈≈P#..#......
#.....##.#8≈#S≈≈≈≈≈≈#P8#.####.
########.###############.# #.
#.................# #.
######################.
#....... #.......


You could see 2 electric eels.

Vanquished Creatures
  Edmund (D:4)
  2 ogres (D:5)
  A hound (D:4)
  An orc priest (D:5)
  2 iguanas (D:5)
  An orc wizard (D:5)
  Ijyb (D:5)
  5 adders
  A shadow imp (D:4)
  A white imp (D:5)
  2 worms (D:2)
  8 orcs (D:5)
  4 bats
  6 endoplasms
  4 giant cockroaches
  7 hobgoblins
  15 jackals
  3 kobolds
  2 quokkas
  4 ball pythons
  4 frilled lizards
  10 goblins
  11 rats
96 creatures vanquished.

Vanquished Creatures (others)
  A plant (D:5)
1 creature vanquished.

Grand Total: 97 creatures vanquished

Notes
Turn   | Place    | Note
-------+----------+-------------------------------------------
     0 | D:1      | purpskrrrp the Vine Stalker Wanderer began the quest for
                  | the Orb.
     0 | D:1      | purpskrrrp set off with the following items: a +2 short
                  | sword, a +0 cloak, a potion of haste, a +0 leather armour;
                  | and the following spell memorised: Freeze; and the
                  | following spells available to memorise: Ozocubu's Armour.
     0 | D:1      | Reached XP level 1. HP: 10/10 MP: 3/3
   119 | D:2      | Reached XP level 2. HP: 13/14 MP: 4/4
   632 | D:2      | Found a faded altar of an unknown god.
   638 | D:2      | Reached skill level 5 in Short Blades
   638 | D:2      | Reached skill level 2 in Stealth
   638 | D:2      | Reached XP level 3. HP: 14/18 MP: 5/5
  1757 | D:1      | Gained mutation: Your natural rate of healing is unusually
                  | fast. [Vine Stalker growth]
  1757 | D:1      | Reached XP level 4. HP: 22/22 MP: 6/6
  2040 | D:1      | Identified a scroll of acquirement
  2040 | D:1      | Acquired the ring "Zushrobon" {Contam Will+ Str+2 Int+3}
  2048 | D:1      | Gained mutation: Your spells are a little harder to cast,
                  | but a little more powerful. [potion of mutation]
  2593 | D:3      | Reached skill level 3 in Stealth
  2757 | D:3      | Found a sparkling altar of Nemelex Xobeh.
  3007 | D:3      | Found an ancient bone altar of Kikubaaqudgha.
  3016 | D:3      | Found an opulent altar of Gozag.
  3020 | D:3      | Became a worshipper of Gozag Ym Sagoz the Greedy
  3089 | D:4      | Reached XP level 5. HP: 25/25 MP: 7/7
  3130 | D:4      | Reached skill level 4 in Stealth
  3207 | D:4      | Noticed Edmund
  3241 | D:4      | Killed Edmund
  3242 | D:4      | Reached skill level 1 in Dodging
  3242 | D:4      | Reached skill level 5 in Stealth
  3242 | D:4      | Reached XP level 6. HP: 5/30 MP: 1/8
  4074 | D:5      | Entered Level 5 of the Dungeon
  4117 | D:5      | Reached skill level 6 in Stealth
  4126 | D:5      | Reached XP level 7. HP: 17/34 MP: 7/9
  4143 | D:5      | Reached skill level 7 in Stealth
  4238 | D:5      | Found a transporter.
  4262 | D:5      | Found a transporter.
  4275 | D:5      | Noticed Ijyb
  4296 | D:5      | Killed Ijyb
  4684 | D:5      | Killed from afar by an electric eel

Illustrated notes

Levels and vault maps discovered:
D:1:      amcnicky_arrival_wind_blow, layout_basic, minmay_misc_feat_plants
D:2:      layout_basic, ebering_ecumenical_altar_webs, minmay_misc_feat_columns,
          mrwooster_statue_mirror
D:3:      layout_loops_ring, mainiacjoe_overflow_swirl, lemuel_crystal_altar,
          kennysheep_big_empty_room
D:4:      layout_cave_pods, corexii_item_surrounded_by_moat, uniq_edmund
D:5:      gammafunk_steamed_eel, layout_basic, uniq_ijyb

Skill      XL: |  1  2  3  4  5  6  7 |
---------------+----------------------+-----
Short Blades   | 5 6 |  6.2
Stealth        | 2 3 5 6 7 |  7.3
Dodging        | 1 |  1.2
Fighting       | 2 |  2.0
Maces & Flails | |  0.2
Throwing       | |  1.0
Spellcasting   | |  1.1
Ice Magic      | |  1.0

Action                   |  1- 3 |  4- 6 |  7- 9 || total
-------------------------+-------+-------+-------++-------
Melee: Short sword       |    82 |   102 |    37 ||   221
       Bite              |    17 |    34 |    14 ||    65
       Punch             |     1 |     1 |     3 ||     5
       Club              |       |       |    21 ||    21
Evoke: Wand              |       |       |     8 ||     8
  Use: Scroll            |     5 |     7 |     4 ||    16
       Potion            |       |     2 |       ||     2
 Stab: Sleeping          |     7 |    13 |     1 ||    21
       Distracted        |       |       |     1 ||     1
Armor: Leather armour    |    30 |    27 |    20 ||    77
Dodge: Dodged            |    32 |    29 |    17 ||    78

Table legend: (Time is in decaauts)
 A = Elapsed time spent in this place.
 B = Non-inter-level travel time spent in this place.
 C = Inter-level travel time spent in this place.
 D = Time resting spent in this place.
 E = Time spent auto-exploring this place.
 F = Levels seen in this place.
 G = Mean time per level.
                   A        B        C        D        E       F      G
               +--------+--------+--------+--------+--------+-----+--------+
         Total |   4634 |   4231 |    403 |    164 |   3293 |   5 |  926.8 |
       Dungeon |   4634 |   4231 |    403 |    164 |   3293 |   5 |  926.8 |
               +--------+--------+--------+--------+--------+-----+--------+

Top non-repeatable levels by time:
     D:1: 1176 daAuts
     D:2: 1054 daAuts
     D:3: 918 daAuts
     D:4: 898 daAuts
     D:5: 586 daAuts
